 Dungeon Crawl Stone Soup version 0.25-a0-246-g58704a1 (webtiles) character file.

Game seed: 18083082284580053684, levelgen mode: deterministic

427864 Firecrotchwizard the Champion of Chaos (level 22, 0/224 HPs)
             Began as a Deep Dwarf Fighter on Dec 2, 2019.
             Was the Champion of Makhleb.
             Slain by a vault guard
             ... wielding a +0 halberd
              (8 damage)
             ... while paralysed by a sphinx
             ... on level 5 of the Vaults on Dec 4, 2019.
             The game lasted 02:20:54 (41422 turns).

Firecrotchwizard the Champion of Chaos (DDFi)      Turns: 41422, Time: 02:20:55

Health: 0/224      AC: 45    Str: 36    XL:     22   Next: 78%
Magic:  16/16      EV:  2    Int: 13    God:    Makhleb [******]
Gold:   2852       SH:  0    Dex: 10    Spells: 21/21 levels left

rFire    + + .     SeeInvis +   a - +11 broad axe "Lifebane" {protect, +Rage MR- Str+7}
rCold    + . .     Gourm    .   S - +1 shield {rC+ rF+}
rNeg     + . .     Faith    .   t - +2 plate armour {rF+}
rPois    +         Spirit   .   q - +2 helmet
rElec    +         Reflect  +   L - +2 cloak
rCorr    .         Harm     .   P - +2 pair of gloves
MR       ++...                  Z - +1 pair of boots of Amorality {*Drain rElec rPois Int+3}
Stlth    ..........             M - +4 amulet of reflection
HPRegen  0.00/turn              n - +4 ring of protection
MPRegen  0.15/turn              G - ring of see invisible {sInv, !d}

@: paralysed, lethally poisoned (0 -> 0), protection aura, non-regenerating,
drained
A: damage resistance, heal wounds, clumsy 1, negative energy resistance 1, sense
surroundings 3, no regeneration
}: 2/15 runes: barnacled, gossamer
a: Heal Wounds, Minor Destruction, Lesser Servant of Makhleb, Major Destruction,
Greater Servant of Makhleb, Renounce Religion, Evoke Berserk Rage


You were on level 5 of the Vaults.
You worshipped Makhleb.
Makhleb was exalted by your worship.
You were not hungry.

You visited 8 branches of the dungeon, and saw 41 of its levels.

You collected 5020 gold pieces.
You spent 2168 gold pieces at shops.

Inventory:

Hand Weapons
 a - the +11 broad axe "Lifebane" (weapon) {protect, +Rage MR- Str+7}
   (You acquired it on level 4 of the Shoals)

   It grants its wielder temporary protection when it strikes (+7 to AC).
   It affects your strength (+7).
   It affects your resistance to hostile enchantments.
   It lets you go berserk.
 b - the +8 whip "Snakebite" {curare, rPois}
   (You found it on level 1 of the Lair of Beasts)

   It poisons the flesh of those it strikes.
   It protects you from poison.
 F - a +2 broad axe of chopping
   (You took it off an orc warrior on level 9 of the Dungeon)
Missiles
 x - 16 curare-tipped darts
 X - a throwing net {=f, !d}
Armour
 q - a +2 helmet (worn)
   (You took it off Robin on level 2 of the Dungeon)
 t - a +2 plate armour of fire resistance (worn)
   (You took it off Donald on level 4 of the Shoals)
 L - a +2 cloak (worn)
   (You found it on level 5 of the Lair of Beasts)
 P - a +2 pair of gloves (worn)
   (You found it on level 1 of the Shoals)
 S - a +1 shield of resistance (worn)
   (You took it off Asterion on level 2 of the Spider Nest)
 Z - the +1 pair of boots of Amorality (worn) {*Drain rElec rPois Int+3}
   (You found it on level 3 of the Shoals)

   It affects your intelligence (+3).
   It insulates you from electricity.
   It protects you from poison.
   It causes draining when unequipped.
Jewellery
 n - a +4 ring of protection (left hand)
   (You took it off a goblin on level 1 of the Dungeon)
 G - a ring of see invisible (right hand) {sInv, !d}
   (You found it on level 1 of the Lair of Beasts)
 H - the ring "Saudidd" {rF+ Stlth+}
   (You found it on level 4 of the Shoals)

   [ring of protection from fire]

   It protects you from fire.
   It makes you more stealthy.
 M - a +4 amulet of reflection (around neck)
   (You found it on level 5 of the Lair of Beasts)
 V - the ring "Yrphon" {rC+ rCorr Str+2 Int+4}
   (You acquired it on level 4 of the Depths)

   [ring of resist corrosion]

   It affects your strength (+2).
   It affects your intelligence (+4).
   It protects you from cold.
   It provides partial protection from all sources of acid and corrosion.
Wands
 k - a wand of acid (13)
   (You found it on level 6 of the Lair of Beasts)
 r - a wand of polymorph (21)
   (You took it off Robin on level 2 of the Dungeon)
 J - a wand of paralysis (18)
   (You found it on level 11 of the Dungeon)
 K - a wand of clouds (7)
   (You found it on level 4 of the Lair of Beasts)
 R - a wand of disintegration (10)
   (You found it on level 1 of the Vaults)
 W - a wand of scattershot (11)
   (You found it on level 1 of the Spider Nest)
 Y - a wand of digging (1)
   (You found it on level 1 of the Spider Nest)
Scrolls
 e - 17 scrolls of teleportation
 g - 5 scrolls of identify
 i - 4 scrolls of blinking {!r}
 l - 13 scrolls of remove curse
 p - 3 scrolls of fear
 u - 2 scrolls of summoning
 z - 2 scrolls of silence
 B - 6 scrolls of fog
 D - 4 scrolls of magic mapping {!r}
 I - 5 scrolls of immolation {!r}
 N - 2 scrolls of enchant armour
Potions
 d - 5 potions of might
 h - 10 potions of lignification {!q}
 m - 4 potions of flight
 o - 2 potions of berserk rage {!q}
 s - 18 potions of curing
 w - 3 potions of agility
 A - 9 potions of heal wounds
 C - 7 potions of haste
 E - 3 potions of invisibility
 O - a potion of cancellation
 U - 7 potions of mutation {!q}
Miscellaneous
 c - a lightning rod (4/4)
   (You found it on level 1 of the Shoals)
 j - a phial of floods
   (You found it on level 4 of the Shoals)
 v - a sack of spiders
 y - a box of beasts
 Q - a phantom mirror
 T - a fan of gales
   (You found it on level 12 of the Dungeon)
Comestibles
 f - 66 rations


   Skills:
 + Level 19.0(18.1) Fighting
 - Level 18.0(17.1) Axes
 + Level 19.0(18.0) Armour
 + Level 11.4(10.6) Dodging
 - Level 15.0(14.1) Shields
 - Level 19.5(18.6) Invocations
 - Level 17.4(16.5) Evocations


You had 21 spell levels left.
You didn't know any spells.
Your spell library contained the following spells:

 Spells                   Type           Power        Failure   Level  Hunger
 Animate Skeleton         Necr           N/A          77%         1    ##.....
 Apportation              Tloc           #.....       77%         1    ##.....
 Confusing Touch          Hex            #.....       77%         1    ##.....
 Corona                   Hex            #......      77%         1    ##.....
 Shock                    Conj/Air       #...         77%         1    ##.....
 Sting                    Tmut/Pois      #...         77%         1    ##.....
 Summon Butterflies       Summ           #.......     77%         1    ##.....
 Summon Small Mammal      Summ           #...         77%         1    ##.....
 Ensorcelled Hibernation  Hex/Ice        #.....       88%         2    ###....
 Poisonous Vapours        Pois/Air       #.....       88%         2    ###....
 Swiftness                Chrm/Air       #.......     88%         2    ###....
 Call Canine Familiar     Summ           #.......     98%         3    ####...
 Confuse                  Hex            #.......     98%         3    ####...
 Dazzling Flash           Conj/Hex       #.....       98%         3    ####...
 Gell's Gravitas          Tloc           #.........   98%         3    ####...
 Mephitic Cloud           Conj/Pois/Air  #.......     98%         3    ####...
 Static Discharge         Conj/Air       #.......     98%         3    ####...
 Tukima's Dance           Hex            #.......     98%         3    ####...
 Airstrike                Air            #.........   100%        4    #####..
 Olgreb's Toxic Radiance  Pois           #.......     100%        4    #####..
 Petrify                  Tmut/Erth      #.......     100%        4    #####..
 Summon Ice Beast         Ice/Summ       #.......     100%        4    #####..
 Summon Lightning Spire   Summ/Air       #.......     100%        4    #####..
 Alistair's Intoxication  Tmut/Pois      #.......     100%        5    ######.
 Bolt of Magma            Conj/Fire/Erth #.........   100%        5    ######.
 Iskenderun's Battlesphe  Conj/Chrm      #.......     100%        5    ######.
 Lightning Bolt           Conj/Air       #.........   100%        5    ######.
 Metabolic Englaciation   Hex/Ice        #.........   100%        5    ######.
 Summon Demon             Summ           #.........   100%        5    ######.
 Summon Mana Viper        Hex/Summ       #.......     100%        5    ######.
 Yara's Violent Unravell  Hex/Tmut       #.........   100%        5    ######.
 Hydra Form               Tmut           #.........   100%        6    #######
 Iron Shot                Conj/Erth      #.........   100%        6    #######
 Orb of Destruction       Conj           #.........   100%        7    #######
 Spellforged Servitor     Conj/Summ      #.........   100%        7    #######
 Summon Hydra             Summ           #.........   100%        7    #######


Dungeon Overview and Level Annotations

Branches:
Dungeon (15/15)            Temple (1/1) D:4            Lair (6/6) D:9
 Shoals (4/4) Lair:4       Spider (4/4) Lair:4        Slime (0/5) Lair:6
    Orc (2/2) D:10            Elf (0/3) Orc:2        Vaults (5/5) D:14
  Crypt (0/3) Vaults:2     Depths (4/5) D:15

Altars:
Ashenzari
Cheibriados
Elyvilon
Fedhas
Gozag
Hepliaklqana
Kikubaaqudgha
Makhleb
Nemelex Xobeh
Okawaru
Qazlal
Ru
Sif Muna
Trog
Uskayaw
Vehumet
Wu Jian
Xom
Yredelemnul
The Shining One
Beogh

Shops:
D:5 }   D:11 =   Orc:1 !   Orc:2 ![%*   Vaults:1 ?

Portals:
Hell: Depths:1 Depths:2 Depths:3 Depths:4
Abyss: Depths:1 Depths:2 Depths:3 Depths:4
Pandemonium: Depths:1 Depths:2 Depths:3
Ziggurat: Depths:4
Trove: D:12 (give 4 potions of resistance)

Annotations:
Vaults:3 3 runed translucent doors, Kilextei's ghost, adept DsGl
Depths:1 2 runed translucent doors, Mekire's ghost, journeyman MiFi


Innate Abilities, Weirdness & Mutations

You are resistant to damage.
You can heal yourself by infusing magical energy.
You resist negative energy. (rN+)
You passively map a large area around you.
You do not regenerate.
You are clumsy. (Dex -2)


Message History

The storm dragon tramples you but does no damage.
The vault guard hits you but does no damage.
The necromancer gestures wildly while chanting.
The necromancer binds the souls of nearby monsters.
The necromancer casts a spell.
The necromancer binds the souls of nearby monsters.
A deep elf death mage comes into view. It is wielding a +3 long sword.
The vault guard hits you but does no damage.
The deep elf annihilator mumbles some strange words.
The deep elf annihilator blinks!
The orc knight roars a battlecry!
The orcs go into a battle-frenzy!
An orc wizard comes into view. It is wielding a +0 dagger.
The Tzitzimitl calls on the powers of darkness!
The vault guard convulses!
The black mamba convulses!
The deep elf high priest convulses!
The orc priest convulses!
The orc knight convulses!
The yaktaur convulses!
The sphinx convulses!
The storm dragon convulses!
The titan convulses!
The vault guard convulses!
The orc knight convulses!
Your body is wracked with pain!
* * * LOW HITPOINT WARNING * * *
The vault guard convulses!
The vault warden convulses!
The sphinx convulses!
Margery convulses!
The hell knight convulses!
The yaktaur convulses!
The hell knight convulses!
The yaktaur convulses!
The vault warden convulses!
The vault guard convulses!
The tengu reaver convulses!
The deep troll convulses!
The necromancer convulses!
The yaktaur captain convulses!
The orc convulses!
The great orb of eyes convulses!
The yaktaur captain convulses!
The orc convulses!
The deep troll's soul is no longer bound.
The orc no longer looks unusually strong.
The orc priest no longer looks unusually strong.
The +2 hand axe of draining hits you but does no damage.
You partially resist.
You feel drained.
The war gargoyle hits you but does no damage.
The vault guard is engulfed in freezing vapours.
The vault guard dies!
A freezing mist starts to gather...
Margery is engulfed in freezing vapours.
Margery hits you but does no damage.
The vault warden activates a sealing rune.
The titan mumbles some strange words.
The titan is healed somewhat.
The storm dragon bites you but does no damage.
The storm dragon claws you but does no damage.
The storm dragon tramples you but does no damage.
The ancient lich touches you but does no damage.
The sphinx mumbles some strange words.
The sphinx is healed somewhat.
A freezing wraith comes into view.
The vault guard hits you from afar with a +0 halberd.
* * * LOW HITPOINT WARNING * * *
The +2 hand axe of draining barely misses you.
The vault guard hits you but does no damage.
A vault guard simulacrum comes into view.
The black mamba changes into a yak!
The sphinx changes into an iron troll!
The orc no longer looks unusually strong.
The war gargoyle hits you but does no damage.
The +2 hand axe of draining hits you but does no damage.
You partially resist.
You feel drained. The storm dragon bites you.
The storm dragon claws you but does no damage.
The storm dragon tramples you but does no damage.
The vault guard hits you but does no damage.
Margery is engulfed in freezing vapours.
Margery dies!
The vault warden hits you but does no damage.
The titan casts a spell.
The titan is healed somewhat.
The sphinx casts a spell.
Something smites you!
* * * LOW HITPOINT WARNING * * *
The phantasmal warrior blinks!
A yaktaur comes into view.
The ancient lich touches you but does no damage.
The necromancer casts a spell.
The necromancer flickers and vanishes for a moment.
The Tzitzimitl calls on the powers of darkness!
The deep elf annihilator convulses!
The yaktaur captain convulses!
The great orb of eyes convulses!
The necromancer convulses!
The deep troll convulses!
The tengu reaver convulses!
The yaktaur convulses!
The ironbrand convoker convulses!
The vault guard convulses!
The yaktaur captain convulses!
The vault warden convulses!
The yaktaur convulses!
The hell knight convulses! x2
The orc wizard convulses!
The necromancer convulses!
The orc warrior convulses!
The yaktaur convulses!
The iron troll convulses!
The yaktaur convulses!
The vault warden convulses!
The sphinx convulses!
The orc wizard convulses!
Your body is wracked with pain!
The orc knight convulses!
The yaktaur convulses!
The great orb of eyes convulses!
The vault guard convulses!
The titan convulses!
The storm dragon convulses!
The sphinx convulses!
The yaktaur convulses!
The orc knight convulses!
The orc convulses!
The orc priest convulses!
The deep elf high priest convulses!
The tengu reaver convulses!
The vault guard convulses!
The orc warrior convulses!
The troll convulses!
The yak convulses!
The orc convulses!
The vault guard hits you from afar with a +0 halberd!
You die...

, * * , * ,,, *
,, # #....# * , *
.#. #....#, . **
,,, #(o#
#..W.#,,.. , ,
...oT#....# ...,
, , ,
,,##..o#.ZxY#1.?.
, ,, ,
,...oxooeQp*....
* *
*####GpC9DHc.###
** ** , ,
...H§pZ@xLo....,
, , , , , ,
,....ZpL(°Tc....,
, ,
....cp9pcpZ....,
, , ,
,...e11cGpTQo.?.
, *
####op2cZx..### *
*** , ../opoc..e#
, ...#.o..#..W#
,, **
#..c#....##...,,
* * , ,, * ,


You could see a titan, 2 ancient liches, a storm dragon, 2 Tzitzimimeh, a
Brimstone Fiend, 2 sphinxes, an iron troll shaped shifter, 2 vault wardens, 2
tengu reavers, 2 yaktaur captains, 3 vault guards, 2 orc knights, a deep elf
annihilator, a deep elf death mage, 2 great orbs of eyes, 2 hell knights, a deep
troll, 2 war gargoyles, a deep elf high priest, a phantasmal warrior, an
ironbrand convoker, 6 yaktaurs, a freezing wraith, 2 necromancers, a yak shaped
shifter, a troll, a hellion, 2 orc warriors, a +2 hand axe of draining, an orc
priest, 2 orc wizards, a battlesphere, a quicksilver dragon simulacrum, a hornet
simulacrum, a very ugly thing simulacrum, 2 vault guard simulacra, 5 orcs and 4
crawling corpses.

Vanquished Creatures
  3 greater mummies (Depths:4)
  The ghost of Faosm the Warrior, a veteran HOFi of Okawaru (Vaults:1)
  Xtahua (Vaults:5)
  Nikola (Shoals:3)
  Jorgrun (D:15)
  4 tentacled monstrosities
  The ghost of Kilextei the Warrior, an adept DsGl of Okawaru (Vaults:1)
  A quicksilver dragon (Vaults:5)
  Asterion (Spider:2)
  An ancient champion (Vaults:2)
  6 sphinxes
  3 storm dragons
  2 tengu reavers
  2 fire giants
  6 frost giants
  12 vault wardens
  A deep elf sorcerer (Vaults:3)
  2 ghost moths
  3 emperor scorpions (Spider:4)
  A war gargoyle (Vaults:5)
  A curse skull (Vaults:2)
  18 stone giants
  A ghoul (Vaults:2)
  18 ironheart preservers
  15 very ugly things
  2 deep elf demonologists (Vaults:3)
  7 entropy weavers
  3 vampire knights
  5 spark wasps
  3 merfolk javelineers
  2 lorocyprocas (Depths:4)
  Snorg (Orc:2)
  2 mummy priests (Depths:4)
  7 ettins
  14 fire dragons
  A deep elf death mage (Vaults:3)
  Josephine (D:15)
  A merfolk impaler (Shoals:4)
  2 great orbs of eyes (shapeshifter)
  10 yaktaur captains
  The ghost of Dirch the Basher, a journeyman KoBe of Trog (Lair:3)
  8 great orbs of eyes
  8 ice dragons
  24 vault guards
  6 rakshasas
  A monstrous demonspawn (Depths:2)
  A catoblepas (Shoals:4)
  15 hydras
  2 satyrs
  3 spriggan air magi
  15 centaur warriors
  A merfolk avatar (Shoals:4)
  2 merfolk aquamancers
  An alligator snapping turtle (Shoals:4)
  35 two-headed ogres
  15 death yaks
  9 deep troll earth magi
  14 ogre magi
  3 tengu warriors
  6 deep troll shamans
  2 spriggan berserkers (Depths:2)
  A queen ant (Lair:6)
  2 deep elf knights
  3 orc high priests (Orc:2)
  A sun demon (Depths:2)
  A fire crab (Lair:5)
  2 hell knights
  A fire crab (shapeshifter) (Depths:3)
  A spectral death yak (Lair:3)
  8 iron trolls
  2 shadow wraiths (Vaults:4)
  A salamander mystic (Depths:1)
  6 unseen horrors
  3 large abominations (Depths:1)
  4 skeletal warriors (Vaults:2)
  8 sea snakes
  2 shadow demons
  9 ironbrand convokers
  2 torturous demonspawn
  35 deep trolls
  3 glowing orange brains
  3 wizards
  A flayed ghost (Vaults:2)
  An orange crystal statue (Depths:3)
  2 deep elf archers
  4 phantasmal warriors
  A gelid demonspawn (Depths:2)
  14 harpies
  4 necromancers
  16 orc knights
  A sphinx zombie (Vaults:3)
  11 orb spiders
  2 oklob plants (Lair:1)
  8 deep elf magi
  7 orc sorcerers
  37 ugly things
  9 cyclopes
  28 wolf spiders
  14 fauns
  14 manticores
  2 salamanders (Depths:1)
  12 slime creatures
  A salamander (shapeshifter) (Vaults:1)
  A fire giant zombie (Depths:1)
  A stone giant zombie (Vaults:3)
  3 elephants (Lair:6)
  9 black mambas
  2 rust devils (Depths:3)
  A moth of wrath (Orc:1)
  10 water nymphs
  17 merfolk sirens
  15 vault sentinels
  A torpor snail (shapeshifter) (Vaults:4)
  A black mamba (shapeshifter) (Depths:3)
  The ghost of wampuh the Shield-Bearer, a novice GnFi of Gozag (D:7)
  3 centaur zombies
  2 molten gargoyles (Lair:4)
  A human zombie (Vaults:3)
  19 spiny frogs
  A hellion (Depths:2)
  A kobold demonologist (Depths:4)
  3 rime drakes
  5 spectral swamp worms (Depths:4)
  37 yaktaurs
  5 komodo dragons
  A redback zombie (D:11)
  2 yaktaur zombies
  11 demonic crawlers
  A red devil (Depths:3)
  7 freezing wraiths
  4 trolls
  16 merfolk
  3 tengu conjurers
  33 jumping spiders
  A jumping spider (shapeshifter) (Depths:2)
  A harpy zombie (D:15)
  8 wind drakes
  A wind drake (shapeshifter) (Depths:3)
  3 tyrant leeches (Lair:6)
  A hornet (shapeshifter) (Vaults:3)
  10 hornets
  7 hippogriffs
  19 blink frogs
  A spectral dream sheep (Lair:3)
  19 dream sheep
  7 snapping turtles
  A stone giant simulacrum (Depths:1)
  15 water elementals
  A shadow (D:13)
  69 redbacks
  A tarantella (shapeshifter) (Depths:3)
  20 yaks
  32 tarantellas
  A redback (shapeshifter) (Depths:3)
  A spriggan (D:11)
  7 wraiths
  A steam dragon (D:11)
  2 basilisks
  3 chaos spawn
  2 hogs (shapeshifter)
  9 humans
  A human (shapeshifter) (Depths:1)
  A wyvern (D:9)
  11 vampire mosquitoes
  An acid dragon (D:10)
  13 wargs
  Menkaure (D:7)
  20 soldier ants (Lair:6)
  22 water moccasins
  2 floating eyes
  7 porcupines
  Duvessa (D:6)
  2 hell hounds (Depths:2)
  2 hydra simulacra (Lair:3)
  3 ice beasts
  8 small abominations (Depths:1)
  An ettin simulacrum (Vaults:3)
  27 orc warriors
  3 phantoms
  2 black bears
  3 necrophages
  3 eyes of draining
  4 sky beasts
  2 black mamba simulacra (Lair:3)
  19 centaurs
  11 boggarts
  36 ogres
  22 wolves
  9 crocodiles
  A big kobold (shapeshifter) (Depths:1)
  An ogre simulacrum (Vaults:1)
  A big kobold (D:8)
  28 bullfrogs
  A water moccasin zombie (D:5)
  Dowan (D:6)
  A wyvern skeleton (D:7)
  7 scorpions
  4 wights (D:8)
  3 electric eels
  2 howler monkeys
  7 crimson imps
  5 quasits
  4 lava snakes (Lair:4)
  A bullfrog zombie (D:12)
  An iron imp (Depths:2)
  2 centaur skeletons
  7 hounds
  26 orc priests
  4 jellies
  A bullfrog skeleton (D:13)
  7 iguanas
  28 worker ants
  Ijyb (D:3)
  Natasha (thrice) (D:2)
  32 orc wizards
  A killer bee zombie (D:9)
  2 hound skeletons (D:6)
  A howler monkey zombie (D:10)
  A worker ant zombie (D:5)
  Robin (D:2)
  11 gnolls
  17 adders
  7 shadow imps
  A white imp (Depths:2)
  2 ufetubi (Depths:2)
  2 oozes
  2 adder skeletons
  7 worms
  3 dart slugs
  3 leopard geckos
  95 orcs
  3 ball pythons
  6 giant cockroaches
  20 goblins
  14 hobgoblins
  12 jackals
  6 quokkas
  10 bats
  8 frilled lizards
  A jackal zombie (D:5)
  16 kobolds
  A leopard gecko skeleton (D:6)
  A quokka skeleton (D:4)
  11 rats
  3 crawling corpses
  3 fungi
  13 plants
1786 creatures vanquished.

Vanquished Creatures (collateral kills)
  A golden dragon (Depths:3)
  Arachne (Spider:2)
  Polyphemus (Shoals:4)
  A tengu reaver (Depths:3)
  Donald (Shoals:4)
  2 ghost moths (Spider:4)
  An emperor scorpion (Spider:4)
  2 spark wasps (Spider:4)
  A merfolk impaler (Depths:3)
  The ghost of Psyclone the Thaumaturge, a journeyman DECj of Vehumet (Orc:1)
  2 merfolk aquamancers (Shoals:4)
  A death yak (Shoals:4)
  A moth of wrath (Orc:1)
  A water nymph (Shoals:4)
  A spiny frog (Lair:6)
  A hornet (Spider:4)
  A jumping spider (shapeshifter) (Depths:3)
  A jumping spider (Spider:2)
  2 water elementals (Depths:3)
  2 soldier ants (Lair:6)
  5 worker ants (Lair:6)
  3 fungi
33 creatures vanquished.

Vanquished Creatures (others)
  Margery (Vaults:5)
  Nessos (Lair:6)
  A vault guard (Vaults:5)
  A merfolk aquamancer (Shoals:4)
  A satyr (Shoals:3)
  An ogre mage (Vaults:2)
  A vampire mage (Depths:4)
  2 cyclopes
  A manticore (D:12)
  2 vault sentinels
  4 yaktaurs (Vaults:4)
  A human (D:14)
  2 wargs
  An ogre (Vaults:4)
  2 boggarts
  2 centaurs
  2 orcs (Orc:1)
  A kobold (D:11)
  6 fungi
  32 plants
  4 tentacles (Shoals:2)
  A withered plant (Vaults:1)
70 creatures vanquished.

Grand Total: 1889 creatures vanquished

Notes
Turn   | Place    | Note
-------+----------+-------------------------------------------
     0 | D:1      | Firecrotchwizard the Deep Dwarf Fighter began the quest for
                  | the Orb.
     0 | D:1      | Reached XP level 1. HP: 20/20 MP: 1/1
    59 | D:1      | Reached XP level 2. HP: 22/27 MP: 2/2
   242 | D:1      | Reached skill level 3 in Axes
   304 | D:1      | Reached skill level 3 in Fighting
   382 | D:1      | Reached XP level 3. HP: 30/34 MP: 2/2
   584 | D:2      | Reached XP level 4. HP: 40/42 MP: 2/2
   678 | D:2      | Noticed Natasha
   692 | D:2      | Killed Natasha
   692 | D:2      | Reached skill level 4 in Axes
   692 | D:2      | Reached skill level 4 in Shields
   755 | D:2      | Noticed Robin
   804 | D:2      | Killed Robin
   963 | D:2      | Reached XP level 5. HP: 41/49 MP: 3/3
  1042 | D:2      | Found a shimmering blue altar of Sif Muna.
  1234 | D:2      | Noticed Natasha
  1257 | D:2      | Killed Natasha
  1638 | D:2      | Noticed Natasha
  1648 | D:2      | Killed Natasha
  1648 | D:2      | Reached skill level 5 in Axes
  1802 | D:3      | Noticed Ijyb
  1815 | D:3      | Killed Ijyb
  1815 | D:3      | Reached XP level 6. HP: 37/57 MP: 4/4
  2110 | D:3      | Reached skill level 4 in Fighting
  2503 | D:4      | Reached skill level 5 in Shields
  2518 | D:4      | Reached skill level 6 in Axes
  2542 | D:4      | Reached XP level 7. HP: 33/66 MP: 5/5
  2749 | D:4      | Found a staircase to the Ecumenical Temple.
  2758 | Temple   | Entered the Ecumenical Temple
  2818 | Temple   | Became a worshipper of Makhleb the Destroyer
  3319 | D:5      | Entered Level 5 of the Dungeon
  3390 | D:5      | Reached skill level 7 in Axes
  3622 | D:5      | Reached skill level 6 in Shields
  3703 | D:5      | Reached skill level 5 in Fighting
  3703 | D:5      | Reached XP level 8. HP: 58/74 MP: 4/4
  3707 | D:5      | Reached * piety under Makhleb
  3744 | D:5      | Found Quun Oss's Gadget Shop.
  3910 | D:6      | Reached skill level 8 in Axes
  4023 | D:6      | Noticed Duvessa
  4027 | D:6      | Noticed Dowan
  4055 | D:6      | Killed Duvessa
  4083 | D:6      | Killed Dowan
  4083 | D:6      | Reached skill level 9 in Axes
  4256 | D:6      | Reached skill level 7 in Shields
  4256 | D:6      | Reached ** piety under Makhleb
  4786 | D:7      | Reached skill level 1 in Invocations
  4829 | D:7      | Reached skill level 6 in Fighting
  4829 | D:7      | Gained mutation: You passively map the area around you.
                  | [Deep Dwarf growth]
  4829 | D:7      | Reached XP level 9. HP: 61/82 MP: 3/5
  5008 | D:7      | Reached skill level 2 in Invocations
  5291 | D:7      | Found a large runed translucent door.
  5291 | D:7      | Found a large runed translucent door.
  5495 | D:7      | Noticed wampuh's ghost (novice GnFi)
  5640 | D:7      | Noticed Menkaure
  5646 | D:7      | HP: 15/82 [Menkaure (7)]
  5647 | D:7      | Killed Menkaure
  5647 | D:7      | Reached skill level 10 in Axes
  5647 | D:7      | Reached skill level 3 in Invocations
  5711 | D:8      | Found a sacrificial altar of Ru.
  5906 | D:8      | Noticed a cyclops
  5914 | D:8      | Killed a cyclops
  5914 | D:8      | Reached skill level 4 in Invocations
  6011 | D:8      | Reached skill level 8 in Shields
  6407 | D:8      | Noticed a two-headed ogre
  6417 | D:8      | HP: 14/85 [two-headed ogre/+0 giant club (18)]
  6419 | D:8      | HP: 5/85 [two-headed ogre/+0 giant club (6)]
  6420 | D:8      | Killed a two-headed ogre
  6420 | D:8      | Reached *** piety under Makhleb
  6420 | D:8      | Reached skill level 7 in Fighting
  6420 | D:8      | Reached skill level 11 in Axes
  6420 | D:8      | Reached skill level 5 in Invocations
  6420 | D:8      | Reached XP level 10. HP: 21/94 MP: 7/7
  6992 | D:9      | Found a staircase to the Lair.
  7229 | D:10     | Entered Level 10 of the Dungeon
  7245 | D:10     | Reached skill level 6 in Invocations
  7501 | D:10     | Reached **** piety under Makhleb
  7501 | D:10     | Reached skill level 9 in Shields
  7525 | D:10     | Found a staircase to the Orcish Mines.
  7756 | D:10     | Reached skill level 12 in Axes
  7872 | D:10     | Reached skill level 7 in Invocations
  8117 | D:10     | Noticed a two-headed ogre
  8127 | D:10     | Killed a two-headed ogre
  8127 | D:10     | Reached skill level 4 in Armour
  8332 | Lair:1   | Entered Level 1 of the Lair of Beasts
  8332 | Lair:1   | Noticed a black mamba
  8369 | D:9      | Killed a black mamba
  8369 | D:9      | Reached XP level 11. HP: 93/103 MP: 8/8
  8498 | Lair:1   | Reached skill level 8 in Fighting
  8565 | Lair:1   | Noticed an oklob plant
  8699 | Lair:1   | Reached skill level 5 in Armour
  8699 | Lair:1   | Reached skill level 8 in Invocations
  8802 | Lair:1   | Reached skill level 13 in Axes
  8806 | Lair:1   | Found the +8 whip "Snakebite" {curare, rPois}
  9349 | Lair:2   | Reached skill level 6 in Armour
  9352 | Lair:2   | Reached skill level 9 in Invocations
  9525 | Lair:2   | Reached ***** piety under Makhleb
  9660 | Lair:2   | Noticed a four-headed hydra
  9673 | Lair:2   | Killed a four-headed hydra
  9983 | Lair:3   | Noticed Sonja
  9983 | Lair:3   | Noticed a six-headed hydra
  9983 | Lair:3   | Noticed an eight-headed hydra
 10182 | Lair:3   | Noticed a four-headed hydra
 10196 | Lair:3   | Killed a four-headed hydra
 10196 | Lair:3   | Reached skill level 9 in Fighting
 10196 | Lair:3   | Reached XP level 12. HP: 105/114 MP: 9/9
 10692 | Lair:3   | Reached skill level 14 in Axes
 10713 | Lair:3   | Killed an eight-headed hydra
 10772 | Lair:3   | Reached skill level 7 in Armour
 10792 | Lair:3   | Reached skill level 10 in Invocations
 10879 | Lair:3   | Found a runed translucent gate.
 10879 | Lair:3   | Found a runed translucent gate.
 10880 | Lair:3   | Found a runed translucent gate.
 10882 | Lair:3   | Noticed Dirch's ghost (journeyman KoBe)
 11039 | Lair:3   | Killed a six-headed hydra
 11051 | Lair:3   | Noticed Sonja
 11051 | Lair:3   | Sonja changed into Sonja the sky beast
 11058 | Lair:3   | Killed Sonja the sky beast
 11733 | Lair:4   | Noticed a six-headed hydra
 11750 | Lair:4   | Killed a six-headed hydra
 11750 | Lair:4   | Reached skill level 8 in Armour
 11811 | Lair:4   | Noticed a seven-headed hydra
 11820 | Lair:4   | Killed a seven-headed hydra
 11820 | Lair:4   | Reached skill level 15 in Axes
 12262 | Lair:4   | Reached skill level 11 in Invocations
 12275 | Lair:4   | Found a staircase to the Shoals.
 12288 | Lair:4   | Found a hole to the Spider Nest.
 12451 | Lair:4   | Reached XP level 13. HP: 118/123 MP: 7/7
 12612 | Lair:4   | Found a hide-covered altar of Uskayaw.
 13029 | Lair:5   | Reached skill level 10 in Fighting
 13561 | Lair:5   | Got an ichor-stained hunting sling
 13881 | Lair:6   | Entered Level 6 of the Lair of Beasts
 13919 | Lair:5   | Reached skill level 9 in Armour
 14187 | Lair:6   | Noticed Nessos
 14201 | Lair:6   | Killed Nessos
 14213 | Lair:6   | Reached skill level 16 in Axes
 14214 | Lair:6   | Reached skill level 12 in Invocations
 14416 | Lair:6   | Reached ****** piety under Makhleb
 14447 | Lair:6   | Upgraded the game from 0.25-a0-200-g5ba9614 to
                  | 0.25-a0-245-gd0e028f
 14754 | Lair:6   | Reached skill level 10 in Armour
 14762 | Lair:6   | Gained mutation: You resist negative energy. (rN+) [Deep
                  | Dwarf growth]
 14762 | Lair:6   | Reached XP level 14. HP: 92/133 MP: 9/9
 15148 | Lair:6   | Reached skill level 11 in Fighting
 15162 | Lair:6   | Noticed an entropy weaver
 15166 | Lair:6   | Reached skill level 17 in Axes
 15166 | Lair:6   | Reached skill level 13 in Invocations
 15172 | Lair:6   | Noticed an entropy weaver
 15183 | Lair:6   | HP: 22/135 [very large slime creature (45)]
 15183 | Lair:6   | HP: 10/135 [entropy weaver (12)]
 15188 | Lair:6   | HP: 20/135 [poisoned by a spiny frog]
 15303 | Lair:6   | Killed an entropy weaver
 15390 | Lair:6   | Found a staircase to the Slime Pits.
 15476 | Lair:6   | Killed an entropy weaver
 16347 | Lair:1   | Got a pair of faintly glowing gloves
 16353 | Lair:1   | Identified the -3 pair of gloves "Puadinai" {+Fly rF+ SInv}
                  | (You found it on level 1 of the Lair of Beasts)
 16546 | D:11     | Found Apyxtya's Jewellery Boutique.
 16749 | D:7      | Killed wampuh's ghost
 17232 | D:11     | Got a jewelled leather armour
 17562 | D:12     | Reached skill level 11 in Armour
 18221 | D:12     | Found a portal to a secret trove of treasure.
 19319 | D:14     | Reached XP level 15. HP: 144/144 MP: 11/11
 19364 | D:14     | Reached skill level 18 in Axes
 19364 | D:14     | Reached skill level 14 in Invocations
 19431 | D:14     | Found an opulent altar of Gozag.
 19740 | D:14     | Reached skill level 12 in Fighting
 19751 | D:14     | Found a gate to the Vaults.
 20157 | Orc:1    | Entered Level 1 of the Orcish Mines
 20157 | Orc:1    | Found Apsodou's Distillery.
 20278 | Orc:1    | Found a transporter.
 20289 | Orc:1    | Noticed Psyclone's ghost (journeyman DECj)
 20299 | Orc:1    | Reached skill level 12 in Armour
 20335 | Orc:1    | Found a transporter.
 20545 | Orc:1    | Killed Psyclone's ghost
 20572 | Orc:1    | Got a slimy lead ring
 20581 | Orc:1    | Identified the ring "Hunac" {*Corrode rPois rF+ rN+ AC+3
                  | Int+2} (You found it on level 1 of the Orcish Mines)
 20595 | Orc:2    | Entered Level 2 of the Orcish Mines
 20712 | Orc:2    | Noticed Snorg
 20726 | Orc:2    | Killed Snorg
 20727 | Orc:2    | Found a staircase to the Elven Halls.
 20854 | Orc:2    | Found a roughly hewn altar of Beogh.
 20968 | Orc:2    | Reached skill level 15 in Invocations
 21041 | Orc:2    | Found Plog's General Store.
 21041 | Orc:2    | Found Pikacsur's Food Shoppe.
 21048 | Orc:2    | Found Qoag's Antique Armour Boutique.
 21048 | Orc:2    | Found Calegid's Distillery.
 21676 | Orc:2    | Bought a potion of haste for 100 gold pieces
 21676 | Orc:2    | Bought a potion of curing for 30 gold pieces
 21676 | Orc:2    | Bought a potion of agility for 40 gold pieces
 21676 | Orc:2    | Bought a potion of might for 40 gold pieces
 21676 | Orc:2    | Bought a potion of heal wounds for 50 gold pieces
 21676 | Orc:2    | Bought a potion of might for 40 gold pieces
 21676 | Orc:2    | Bought 2 potions of invisibility for 160 gold pieces
 21676 | Orc:2    | Bought a potion of heal wounds for 50 gold pieces
 21676 | Orc:2    | Bought a potion of curing for 30 gold pieces
 21676 | Orc:2    | Bought a potion of heal wounds for 50 gold pieces
 21676 | Orc:2    | Bought a potion of haste for 100 gold pieces
 21719 | Orc:1    | Bought a potion of curing for 48 gold pieces
 21719 | Orc:1    | Bought a potion of agility for 64 gold pieces
 21719 | Orc:1    | Bought 2 potions of mutation for 256 gold pieces
 21719 | Orc:1    | Bought a potion of mutation for 128 gold pieces
 21719 | Orc:1    | Bought a potion of curing for 48 gold pieces
 21719 | Orc:1    | Bought a potion of haste for 160 gold pieces
 21719 | Orc:1    | Bought a potion of heal wounds for 80 gold pieces
 21832 | D:11     | Bought an uncursed ring of poison resistance for 280 gold
                  | pieces
 22021 | Spider:1 | Entered Level 1 of the Spider Nest
 22066 | Spider:1 | Reached skill level 1 in Evocations
 22215 | Spider:1 | Reached skill level 2 in Evocations
 22266 | Spider:1 | You fall into a shaft and drop 1 floor!
 22447 | Spider:1 | Reached skill level 3 in Evocations
 22845 | Spider:2 | Reached skill level 4 in Evocations
 22864 | Spider:2 | Reached XP level 16. HP: 133/154 MP: 13/13
 22962 | Spider:2 | Noticed Asterion
 22968 | Spider:2 | Killed Asterion
 23126 | Spider:2 | You fall into a shaft and drop 1 floor!
 23132 | Spider:3 | Reached skill level 10 in Shields
 23167 | Spider:3 | Reached skill level 13 in Fighting
 23211 | Spider:3 | Reached skill level 5 in Evocations
 23237 | Spider:3 | Reached skill level 16 in Invocations
 23281 | Spider:2 | Noticed Arachne
 23298 | Spider:2 | Killed Arachne
 24189 | Spider:3 | Reached skill level 6 in Evocations
 24328 | Spider:3 | Reached skill level 11 in Shields
 24432 | Spider:4 | Entered Level 4 of the Spider Nest
 24763 | Spider:4 | Reached skill level 7 in Evocations
 25281 | Spider:4 | Reached skill level 12 in Shields
 25491 | Spider:4 | Reached skill level 8 in Evocations
 25567 | Spider:4 | Reached XP level 17. HP: 75/164 MP: 0/15
 25622 | Spider:4 | Got a gossamer rune of Zot
 25801 | Shoals:1 | Entered Level 1 of the Shoals
 25814 | Shoals:1 | Reached skill level 17 in Invocations
 26292 | Shoals:2 | Reached skill level 13 in Shields
 26397 | Shoals:2 | Reached skill level 9 in Evocations
 26634 | Shoals:2 | Noticed a kraken
 27067 | Shoals:3 | Noticed Nikola
 27085 | Shoals:3 | Killed Nikola
 27085 | Shoals:3 | Reached skill level 14 in Fighting
 27239 | Shoals:3 | Got a pair of jewelled boots
 27287 | Shoals:3 | Identified the +1 pair of boots of Amorality {*Drain rElec
                  | rPois Int+3} (You found it on level 3 of the Shoals)
 27490 | Shoals:4 | Entered Level 4 of the Shoals
 27657 | Shoals:4 | Got a heavily runed marble ring
 27659 | Shoals:4 | Identified the ring "Saudidd" {rF+ Stlth+} (You found it on
                  | level 4 of the Shoals)
 27689 | Shoals:4 | Identified a scroll of acquirement
 27690 | Shoals:4 | Identified the +11 broad axe "Lifebane" {protect, +Rage MR-
                  | Str+7} (You acquired it on level 4 of the Shoals)
 27836 | Shoals:4 | Reached skill level 10 in Evocations
 27970 | Shoals:4 | Reached skill level 14 in Shields
 28261 | Shoals:4 | Noticed Polyphemus
 28273 | Shoals:4 | Killed Polyphemus
 28446 | Shoals:4 | Noticed Donald
 28458 | Shoals:4 | Killed Donald
 28475 | Shoals:4 | Got a barnacled rune of Zot
 28476 | Shoals:4 | Upgraded the game from 0.25-a0-245-gd0e028f to
                  | 0.25-a0-246-g58704a1
 28535 | Shoals:4 | Gained mutation: You passively map a large area around you.
                  | [Deep Dwarf growth]
 28535 | Shoals:4 | Reached XP level 18. HP: 84/176 MP: 14/14
 28904 | Vaults:1 | Entered Level 1 of the Vaults
 28941 | Vaults:1 | Reached skill level 18 in Invocations
 29009 | Vaults:1 | Reached skill level 11 in Evocations
 29034 | Vaults:1 | Reached skill level 15 in Shields
 29530 | Vaults:1 | Found Wiel's Magic Scroll Shoppe.
 29534 | Vaults:1 | Bought a scroll of teleportation for 39 gold pieces
 29534 | Vaults:1 | Bought a scroll of teleportation for 39 gold pieces
 29694 | Vaults:1 | Reached skill level 12 in Evocations
 29954 | Vaults:1 | Reached skill level 15 in Fighting
 29978 | Vaults:1 | Found a runed translucent gate.
 29979 | Vaults:1 | Found a runed translucent gate.
 29979 | Vaults:1 | Found a runed translucent gate.
 29980 | Vaults:1 | Noticed Kilextei's ghost (adept DsGl)
 29980 | Vaults:1 | Noticed Faosm's ghost (veteran HOFi)
 30129 | Vaults:2 | You fall into a shaft and drop 2 floors!
 30352 | Vaults:3 | Reached skill level 19 in Invocations
 30403 | Vaults:3 | Reached skill level 13 in Evocations
 30581 | Vaults:2 | Reached skill level 13 in Armour
 30711 | Vaults:2 | Reached XP level 19. HP: 186/186 MP: 16/16
 30713 | Vaults:2 | Found a staircase to the Crypt.
 31878 | Vaults:2 | Reached skill level 14 in Evocations
 32369 | Vaults:3 | Identified the +8 great mace "Pumud" {drain, rC+ Int+4}
 32369 | Vaults:3 | Identified the +6 plate armour of the Mantidfly {rElec}
 32370 | Vaults:3 | Found a runed translucent gate.
 32370 | Vaults:3 | Found a runed translucent gate.
 32370 | Vaults:3 | Found a runed translucent gate.
 32371 | Vaults:3 | Noticed Kilextei's ghost (adept DsGl)
 32372 | Vaults:3 | Found a roughly hewn altar of Beogh.
 32372 | Vaults:3 | Identified the +7 lajatang "Jiry" {venom, rC++ rN++ Stlth-}
 32372 | Vaults:3 | Identified the +0 chain mail "Qyizevui" {Str+7 Int+2
                  | Stlth+}
 32903 | Vaults:3 | Reached skill level 14 in Armour
 33050 | Vaults:3 | Got a pair of jewelled gloves
 33063 | Vaults:3 | Identified the +2 pair of gloves of the Planets {*Corrode
                  | +Fly Int+6} (You acquired it on level 3 of the Vaults)
 33198 | Vaults:4 | Reached skill level 16 in Fighting
 33278 | Vaults:4 | Reached skill level 15 in Evocations
 33654 | Vaults:4 | Reached XP level 20. HP: 198/198 MP: 17/17
 33724 | Vaults:4 | Paralysed by an ogre mage for 4 turns
 34071 | Vaults:4 | Reached skill level 15 in Armour
 34283 | Vaults:4 | Reached skill level 16 in Evocations
 34649 | Vaults:4 | Paralysed by a great orb of eyes for 2 turns
 35009 | D:15     | Entered Level 15 of the Dungeon
 35160 | D:15     | Found a staircase to the Depths.
 35493 | D:15     | Noticed Josephine
 35508 | D:15     | Killed Josephine
 35676 | D:15     | Noticed Jorgrun
 35703 | D:15     | Killed Jorgrun
 36315 | Depths:1 | Entered Level 1 of the Depths
 36315 | Depths:1 | Found a gateway to Hell.
 36324 | Depths:1 | Identified the Volume of Supportive Changing
 36386 | Depths:1 | Found a one-way gate to the infinite horrors of the Abyss.
 36497 | Depths:1 | Reached skill level 17 in Evocations
 36501 | Depths:1 | Reached skill level 17 in Fighting
 36534 | Depths:1 | Reached skill level 16 in Armour
 36764 | Depths:1 | Found a runed translucent door.
 36770 | Depths:1 | Noticed an ancient lich
 36772 | Depths:1 | Noticed Mekire's ghost (journeyman MiFi)
 36815 | Depths:1 | Found a runed translucent door.
 36988 | Depths:1 | Found a one-way gate leading to the halls of Pandemonium.
 37079 | Depths:1 | Found a sparkling altar of Nemelex Xobeh.
 37296 | Depths:2 | Reached skill level 1 in Dodging
 37386 | Depths:2 | Reached skill level 2 in Dodging
 37391 | Depths:2 | Reached XP level 21. HP: 208/208 MP: 18/18
 37396 | Depths:2 | Paralysed by a floating eye for 4 turns
 37475 | Depths:2 | Reached skill level 3 in Dodging
 37547 | Depths:2 | Identified the cursed +0 falchion "Jaer" {vamp, +Inv}
 37557 | Depths:2 | Reached skill level 4 in Dodging
 37629 | Depths:2 | Reached skill level 5 in Dodging
 37816 | Depths:2 | Reached skill level 17 in Armour
 37972 | Depths:2 | Reached skill level 6 in Dodging
 38571 | Depths:2 | Reached skill level 7 in Dodging
 38656 | Depths:3 | Reached skill level 18 in Fighting
 38893 | Depths:3 | Reached skill level 8 in Dodging
 38918 | Depths:3 | Noticed a golden dragon
 38932 | Depths:3 | Killed a golden dragon
 39014 | Depths:3 | Paralysed by a floating eye for 2 turns
 39022 | Depths:3 | Reached XP level 22. HP: 162/222 MP: 19/19
 39256 | Depths:3 | Reached skill level 9 in Dodging
 39257 | Depths:3 | Reached skill level 18 in Armour
 39567 | Depths:4 | Found a gateway to a ziggurat.
 39801 | Depths:4 | Identified the ring "Yrphon" {rC+ rCorr Str+2 Int+4} (You
                  | acquired it on level 4 of the Depths)
 39923 | Depths:4 | Reached skill level 10 in Dodging
 40134 | Depths:4 | Gained mutation: You are clumsy. (Dex -2) [a neqoxec]
 40152 | Depths:4 | Noticed a greater mummy
 40168 | Depths:4 | Killed a greater mummy
 40186 | Depths:4 | Noticed a greater mummy
 40200 | Depths:4 | Noticed a greater mummy
 40200 | Depths:4 | HP: 52/223 [emperor scorpion[a greater mummy] (6)]
 40201 | Depths:4 | Killed a greater mummy
 40217 | Depths:4 | Killed a greater mummy
 40219 | Depths:4 | Found the +7 sceptre of Torment {pain, torment}
 40767 | Lair:3   | HP: 52/223 [seven-headed hydra simulacrum (5)]
 40772 | Lair:3   | Killed Dirch's ghost
 41097 | Vaults:1 | Killed Kilextei's ghost
 41108 | Vaults:1 | Killed Faosm's ghost
 41194 | Vaults:1 | Bought a scroll of enchant armour for 97 gold pieces
 41194 | Vaults:1 | Bought a scroll of fear for 45 gold pieces
 41194 | Vaults:1 | Bought a scroll of enchant armour for 97 gold pieces
 41194 | Vaults:1 | Bought a scroll of enchant armour for 97 gold pieces
 41329 | Vaults:5 | Entered Level 5 of the Vaults
 41336 | Vaults:5 | Noticed an ancient lich
 41337 | Vaults:5 | Noticed Xtahua
 41348 | Vaults:4 | Reached skill level 11 in Dodging
 41398 | Vaults:5 | Noticed Margery
 41406 | Vaults:5 | Reached skill level 19 in Fighting
 41408 | Vaults:5 | Killed Xtahua
 41413 | Vaults:5 | Noticed an ancient lich
 41416 | Vaults:5 | Reached skill level 19 in Armour
 41418 | Vaults:5 | Paralysed by a sphinx for 7 turns
 41419 | Vaults:5 | HP: 51/224 [???[an ancient lich] (30)]
 41420 | Vaults:5 | HP: 17/224 [???[an ancient lich] (10)]
 41422 | Vaults:5 | Killed Margery
 41422 | Vaults:5 | HP: 8/224 [sphinx/divine providence (7)]
 41422 | Vaults:5 | Slain by a vault guard

Levels and vault maps discovered:
D:1:      onia_arrival_pentagram, layout_basic, minmay_heptomino_l4
D:2:      minmay_razor_zed, layout_basic, minmay_misc_feat_square,
          minmay_misc_feat_alley, lemuel_blue_sif_altar, uniq_natasha,
          uniq_robin
D:3:      layout_rooms, first_ration, chequers_serial_rivers_micro_a, uniq_ijyb
D:4:      layout_basic, minmay_temple_entry_crystal_x
D:5:      layout_basic, serial_shops, nicolae_shop_behind_doors
D:6:      layout_cave_pods, grunt_ministairs_7, st_stairs_5,
          minmay_quadrilaterals, uniq_duvessa
D:7:      layout_gridville, ebering_ghost_disaster_area, uniq_menkaure
D:8:      layout_loops_corners, nicolae_ru_sacrificial_ziggurat
D:9:      layout_basic, lair_entry_dummy
D:10:     layout_grid_maze, erik_orc_4
D:11:     layout_loops_corners, serial_shops, shop, minmay_misc_feat_doors,
          hangedman_stone_soup
D:12:     layout_loops_ring, enter_trove_6
D:13:     layout_basic
D:14:     layout_stronghold, ximxim_vaults_locker_room, grunt_decor_resistance,
          nicolae_gozag_seed_capital
D:15:     grunt_enter_depths_hoard, layout_irregular_city, uniq_jorgrun,
          uniq_josephine
Temple:   compressed_dpeg_triangle_lava_temple
Lair:1:   minmay_guarded_unrand_snakebite, layout_misc_corridors,
          grunt_megastairs_1, minmay_lair_oklob_chamber, lemuel_fruit_fields
Lair:2:   layout_long_grid
Lair:3:   layout_gridlike, gammafunk_ghost_necromancy, serial_bayou_pond_d,
          serial_bayou_crossing, uniq_sonja
Lair:4:   cheibrodos_magma_flow, layout_layer_cave, elwin_shoals_entry_stream,
          spider_nest_entry_webs, chequers_serial_rivers_large_a,
          lemuel_centaur_altar
Lair:5:   layout_regular_city
Lair:6:   minmay_lair_end_frog_pond, layout_big_grid,
          minmay_slime_entry_pillars, minivault_29, uniq_nessos
Shoals:1: layout_shoals
Shoals:2: layout_shoals
Shoals:3: layout_shoals, uniq_nikola
Shoals:4: shoals_end_hangedman, layout_shoals, uniq_polyphemus, uniq_donald
Spider:1: layout_spider_delve, drop_trap
Spider:2: layout_chambers, uniq_arachne, uniq_asterion
Spider:3: layout_spider_delve
Spider:4: spider_rune_water
Orc:1:    layout_caves, gammafunk_ghost_berserking_beasts, serial_shops, shop
Orc:2:    grunt_orc_tribal_feast, layout_caves, basic_altar, mines5_lemuel,
          uniq_snorg
Vaults:1: gammafunk_vaults_ghost_cemetery, hangedman_vaults_trim,
          nicolae_vaults_diagonal_hallway_8, v_misc_14, st_smaller_cells,
          nicolae_vaults_network_s, vaults_room_ringed_pool,
          vaults_mumra_minichess_inversion, grunt_vaults_swirl,
          vaults_room_pools, vaults_room_pools,
          vaults_room_grunt_arrival_ludios, layout_vaults_maze_snakey,
          serial_shops, shop
Vaults:2: nicolae_vaults_little_squares_1, v_alt_pattern_3,
          nicolae_vaults_shelves_hall, v_rooms_6, hangedman_vaults_slice,
          vaults_room_corners, v_pattern_4, ontoclasm_vaults_loading_screen,
          vaults_dpeg_hooks, hangedman_vaults_maws, v_misc_4,
          nicolae_vaults_little_squares_3, layout_vaults_omnigrid,
          minmay_crypt_entry_simple_corners
Vaults:3: biasface_vaults_ghost_orc_armoury, st_eye, hangedman_vaults_cutoff,
          v_misc_16, ontoclasm_vaults_spin, ontoclasm_vaults_shuriken,
          vaults_standard_mumra_x, v_misc_19, v_alt_pattern_3,
          ontoclasm_vaults_ring_large, ontoclasm_vaults_hangar,
          nicolae_vaults_little_squares_2, ontoclasm_vaults_fault,
          ontoclasm_vaults_gateway, layout_vaults_omnicross
Vaults:4: nicolae_vaults_shelves_hall, ontoclasm_vaults_loading_screen,
          st_quartered_hall, nicolae_vaults_network_square, v_misc_16,
          nicolae_vaults_big_ls, nicolae_vaults_disjoint_gnomons,
          vaults_room_door_ring, ontoclasm_vaults_ligature,
          nicolae_vaults_border_crossing, nicolae_vaults_diagonal_hallway_7,
          dpeg_vaults_monster_box, vaults_room_pool, layout_vaults_chaotic_city
Vaults:5: uniq_xtahua, uniq_margery
Depths:1: layout_gridlike, minmay_room_of_horrors, hell_entry,
          muffindrake_ghost_dual_entry, nrook_mini_backslash,
          rand_demon_pan_entry_9, nemelex_xobeh_ov_fountains_minmay
Depths:2: kennysheep_blocky_room, layout_gridlike,
          minmay_misc_feat_secret_circle, grunt_hell_entry_dis_grunt,
          grunt_pan_entry_in_and_out, special_room [special_room_mythical_zoo],
          abyss_entry, infiniplex_staircase_door_maze
Depths:3: evilmike_lava_path, layout_cave_shapes, hell_entry,
          minmay_fountain_box, abyss_entry, rand_demon_pan_entry_3,
          minivault_16, minmay_staircase_windowed_small
Depths:4: minmay_guarded_unrand_sceptre_of_torment, layout_gridlike,
          enter_ziggurat_b, abyss_entry, nicolae_twisting_strands,
          pf_hell_entry_tar_river, nrook_kobold_shadow_demons

Skill      XL: |  1  2  3  4  5  6  7  8  9 10 11 12 13 14 15 16 17 18 19 20 21 22 |
---------------+-------------------------------------------------------------------+-----
Axes           | 3 4 5 6 7 9 11 12 13 15 16 17 18 | 18.0
Fighting       | 3 4 5 6 7 9 10 11 12 13 14 15 16 17 18 19 | 19.0
Shields        | 4 5 6 7 8 9 12 14 15 | 15.0
Invocations    | 1 5 7 9 11 12 13 15 16 17 19 | 19.5
Armour         | 4 6 8 10 11 12 13 14 16 17 19 | 19.0
Evocations     | 4 8 10 13 15 17 | 17.4
Dodging        | 2 8 11 | 11.4

Action                   |  1- 3 |  4- 6 |  7- 9 | 10-12 | 13-15 | 16-18 | 19-21 | 22-24 || total
-------------------------+-------+-------+-------+-------+-------+-------+-------+-------++-------
Melee: War axe           |    85 |   319 |   429 |    30 |       |       |       |       ||   863
       Broad axe         |       |       |       |   723 |  1506 |  1505 |  1376 |   359 ||  5469
       Whip              |       |       |       |    71 |    28 |       |   136 |       ||   235
Invok: Minor Destruction |       |       |     1 |    19 |     9 |    17 |       |       ||    46
       Major Destruction |       |       |       |     2 |     3 |     9 |     2 |       ||    16
       Lesser Servant of |       |       |       |       |     2 |       |       |       ||     2
       Greater Servant o |       |       |       |       |     1 |     6 |     1 |     4 ||    12
 Abil: Heal Wounds       |     2 |     4 |     7 |    24 |     3 |     5 |       |     7 ||    52
Evoke: Wand              |       |       |       |     1 |       |       |       |       ||     1
       Lightning rod     |       |       |       |       |       |       |     3 |       ||     3
  Use: Scroll            |       |    12 |     4 |     7 |    16 |     7 |     7 |     4 ||    57
       Potion            |       |       |     2 |     1 |     3 |     4 |       |     1 ||    11
 Stab: Distracted        |       |       |       |       |     2 |     3 |     1 |       ||     6
  Eat: Chunk             |       |     6 |    10 |    17 |    32 |    24 |    25 |     4 ||   118
       Ration            |       |       |     1 |     1 |     1 |     1 |     1 |     1 ||     6
Armor: Scale mail        |    42 |   109 |       |       |       |       |       |       ||   151
       Chain mail        |       |    49 |   273 |    11 |       |       |       |       ||   333
       Plate armour      |       |       |       |   483 |   633 |   838 |   749 |   262 ||  2965
Dodge: Dodged            |    30 |    66 |   100 |   170 |   231 |   292 |   371 |   132 ||  1392
Block: Shield            |    47 |   179 |   233 |   515 |  1055 |  1305 |  1254 |   348 ||  4936
       Reflection        |       |       |       |       |    36 |    61 |    73 |    14 ||   184

Table legend:
 A = Non-vault XP
 B = Vault XP
 C = Vault XP percentage of total XP
 D = Non-vault monster count
 E = Vault monster count
 F = Vault count percentage of total count
                 A         B        C        D         E       F
            +---------+---------+-------+---------+---------+-------
      Total |  461078 |  351082 |  43.2 |    1203 |     615 |  33.8
            +---------+---------+-------+---------+---------+-------
        D:1 |      44 |       7 |  13.7 |      21 |       4 |  16.0
        D:2 |     179 |     124 |  40.9 |      28 |      27 |  49.1
        D:3 |     157 |      36 |  18.7 |      48 |       1 |   2.0
        D:4 |     530 |       0 |   0.0 |      19 |       0 |   0.0
        D:5 |     437 |       0 |   0.0 |      14 |       0 |   0.0
        D:6 |     726 |     359 |  33.1 |      25 |       9 |  26.5
        D:7 |    1031 |     600 |  36.8 |      16 |       2 |  11.1
        D:8 |    2378 |       0 |   0.0 |      24 |       0 |   0.0
        D:9 |    2044 |       0 |   0.0 |      22 |       0 |   0.0
       D:10 |    2541 |     689 |  21.3 |      27 |      16 |  37.2
       D:11 |    2603 |     387 |  12.9 |      17 |       3 |  15.0
       D:12 |    7105 |       0 |   0.0 |      40 |       0 |   0.0
       D:13 |    3941 |       0 |   0.0 |      27 |       0 |   0.0
       D:14 |   13263 |    4473 |  25.2 |      32 |      11 |  25.6
       D:15 |   14763 |    7141 |  32.6 |      30 |       9 |  23.1
     Lair:1 |    3907 |    3214 |  45.1 |      17 |      15 |  46.9
     Lair:2 |    3627 |       0 |   0.0 |      19 |       0 |   0.0
     Lair:3 |    7514 |    2701 |  26.4 |      24 |       8 |  25.0
     Lair:4 |    6753 |    3457 |  33.9 |      24 |      16 |  40.0
     Lair:5 |    9384 |       0 |   0.0 |      23 |       0 |   0.0
     Lair:6 |   16431 |   18766 |  53.3 |      37 |      86 |  69.9
   Shoals:1 |    7181 |       0 |   0.0 |      14 |       0 |   0.0
   Shoals:2 |   10982 |       0 |   0.0 |      26 |       0 |   0.0
   Shoals:3 |   11216 |    3489 |  23.7 |      22 |       1 |   4.3
   Shoals:4 |   15340 |   20485 |  57.2 |      32 |      33 |  50.8
   Spider:1 |   13543 |       0 |   0.0 |      45 |       0 |   0.0
   Spider:2 |    9742 |    5140 |  34.5 |      30 |       2 |   6.2
   Spider:3 |   16190 |       0 |   0.0 |      40 |       0 |   0.0
   Spider:4 |   23808 |   18453 |  43.7 |      55 |      37 |  40.2
      Orc:1 |    4984 |    2183 |  30.5 |      61 |       8 |  11.6
      Orc:2 |    2011 |    9910 |  83.1 |      17 |      41 |  70.7
   Vaults:1 |   21580 |   39582 |  64.7 |      33 |      45 |  57.7
   Vaults:2 |   28660 |   15473 |  35.1 |      40 |      20 |  33.3
   Vaults:3 |    9164 |   34349 |  78.9 |      15 |      40 |  72.7
   Vaults:4 |   33600 |   54459 |  61.8 |      45 |      71 |  61.2
   Vaults:5 |    3492 |   16622 |  82.6 |       7 |      14 |  66.7
   Depths:1 |   37762 |    4690 |  11.0 |      47 |      16 |  25.4
   Depths:2 |   52489 |   32807 |  38.5 |      60 |      43 |  41.7
   Depths:3 |   49247 |   25454 |  34.1 |      61 |      23 |  27.4
   Depths:4 |   10729 |   26032 |  70.8 |      19 |      14 |  42.4
            +---------+---------+-------+---------+---------+-------

Levels and vault maps discovered:
D:1:      onia_arrival_pentagram, layout_basic, minmay_heptomino_l4
D:2:      minmay_razor_zed, layout_basic, minmay_misc_feat_square,
          minmay_misc_feat_alley, lemuel_blue_sif_altar, uniq_natasha,
          uniq_robin
D:3:      layout_rooms, first_ration, chequers_serial_rivers_micro_a, uniq_ijyb
D:4:      layout_basic, minmay_temple_entry_crystal_x
D:5:      layout_basic, serial_shops, nicolae_shop_behind_doors
D:6:      layout_cave_pods, grunt_ministairs_7, st_stairs_5,
          minmay_quadrilaterals, uniq_duvessa
D:7:      layout_gridville, ebering_ghost_disaster_area, uniq_menkaure
D:8:      layout_loops_corners, nicolae_ru_sacrificial_ziggurat
D:9:      layout_basic, lair_entry_dummy
D:10:     layout_grid_maze, erik_orc_4
D:11:     layout_loops_corners, serial_shops, shop, minmay_misc_feat_doors,
          hangedman_stone_soup
D:12:     layout_loops_ring, enter_trove_6
D:13:     layout_basic
D:14:     layout_stronghold, ximxim_vaults_locker_room, grunt_decor_resistance,
          nicolae_gozag_seed_capital
D:15:     grunt_enter_depths_hoard, layout_irregular_city, uniq_jorgrun,
          uniq_josephine
Temple:   compressed_dpeg_triangle_lava_temple
Lair:1:   minmay_guarded_unrand_snakebite, layout_misc_corridors,
          grunt_megastairs_1, minmay_lair_oklob_chamber, lemuel_fruit_fields
Lair:2:   layout_long_grid
Lair:3:   layout_gridlike, gammafunk_ghost_necromancy, serial_bayou_pond_d,
          serial_bayou_crossing, uniq_sonja
Lair:4:   cheibrodos_magma_flow, layout_layer_cave, elwin_shoals_entry_stream,
          spider_nest_entry_webs, chequers_serial_rivers_large_a,
          lemuel_centaur_altar
Lair:5:   layout_regular_city
Lair:6:   minmay_lair_end_frog_pond, layout_big_grid,
          minmay_slime_entry_pillars, minivault_29, uniq_nessos
Shoals:1: layout_shoals
Shoals:2: layout_shoals
Shoals:3: layout_shoals, uniq_nikola
Shoals:4: shoals_end_hangedman, layout_shoals, uniq_polyphemus, uniq_donald
Spider:1: layout_spider_delve, drop_trap
Spider:2: layout_chambers, uniq_arachne, uniq_asterion
Spider:3: layout_spider_delve
Spider:4: spider_rune_water
Orc:1:    layout_caves, gammafunk_ghost_berserking_beasts, serial_shops, shop
Orc:2:    grunt_orc_tribal_feast, layout_caves, basic_altar, mines5_lemuel,
          uniq_snorg
Vaults:1: gammafunk_vaults_ghost_cemetery, hangedman_vaults_trim,
          nicolae_vaults_diagonal_hallway_8, v_misc_14, st_smaller_cells,
          nicolae_vaults_network_s, vaults_room_ringed_pool,
          vaults_mumra_minichess_inversion, grunt_vaults_swirl,
          vaults_room_pools, vaults_room_pools,
          vaults_room_grunt_arrival_ludios, layout_vaults_maze_snakey,
          serial_shops, shop
Vaults:2: nicolae_vaults_little_squares_1, v_alt_pattern_3,
          nicolae_vaults_shelves_hall, v_rooms_6, hangedman_vaults_slice,
          vaults_room_corners, v_pattern_4, ontoclasm_vaults_loading_screen,
          vaults_dpeg_hooks, hangedman_vaults_maws, v_misc_4,
          nicolae_vaults_little_squares_3, layout_vaults_omnigrid,
          minmay_crypt_entry_simple_corners
Vaults:3: biasface_vaults_ghost_orc_armoury, st_eye, hangedman_vaults_cutoff,
          v_misc_16, ontoclasm_vaults_spin, ontoclasm_vaults_shuriken,
          vaults_standard_mumra_x, v_misc_19, v_alt_pattern_3,
          ontoclasm_vaults_ring_large, ontoclasm_vaults_hangar,
          nicolae_vaults_little_squares_2, ontoclasm_vaults_fault,
          ontoclasm_vaults_gateway, layout_vaults_omnicross
Vaults:4: nicolae_vaults_shelves_hall, ontoclasm_vaults_loading_screen,
          st_quartered_hall, nicolae_vaults_network_square, v_misc_16,
          nicolae_vaults_big_ls, nicolae_vaults_disjoint_gnomons,
          vaults_room_door_ring, ontoclasm_vaults_ligature,
          nicolae_vaults_border_crossing, nicolae_vaults_diagonal_hallway_7,
          dpeg_vaults_monster_box, vaults_room_pool, layout_vaults_chaotic_city
Vaults:5: uniq_xtahua, uniq_margery
Depths:1: layout_gridlike, minmay_room_of_horrors, hell_entry,
          muffindrake_ghost_dual_entry, nrook_mini_backslash,
          rand_demon_pan_entry_9, nemelex_xobeh_ov_fountains_minmay
Depths:2: kennysheep_blocky_room, layout_gridlike,
          minmay_misc_feat_secret_circle, grunt_hell_entry_dis_grunt,
          grunt_pan_entry_in_and_out, special_room [special_room_mythical_zoo],
          abyss_entry, infiniplex_staircase_door_maze
Depths:3: evilmike_lava_path, layout_cave_shapes, hell_entry,
          minmay_fountain_box, abyss_entry, rand_demon_pan_entry_3,
          minivault_16, minmay_staircase_windowed_small
Depths:4: minmay_guarded_unrand_sceptre_of_torment, layout_gridlike,
          enter_ziggurat_b, abyss_entry, nicolae_twisting_strands,
          pf_hell_entry_tar_river, nrook_kobold_shadow_demons

Table legend:
 A = Turns spent in this place as a percentage of turns spent in the entire game.
 B = Non-inter-level travel turns spent in this place as a percentage of non-inter-level travel turns spent in the entire game.
 C = Inter-level travel turns spent in this place as a percentage of turns spent in this place.
 D = Turns resting spent in this place as a percentage of non-inter-level travel turns spent in this place.
 E = Turns spent auto-exploring this place as a percentage of non-inter-level travel turns spent in this place.
 F = Non-inter-level travel turns spent in this place divided by the number of levels of this place that you've seen.
                   A       B       C       D       E      F
               +-------+-------+-------+-------+-------+----------------------
         Total | 100.0 | 100.0 |  12.3 |   6.1 |  60.7 | 886.0
       Dungeon |  35.4 |  33.3 |  17.5 |   2.2 |  72.1 | 805.9
        Temple |   0.2 |   0.2 |  12.9 |   0.0 |  95.1 |  61.0
          Lair |  18.9 |  19.3 |  10.6 |  18.7 |  49.5 | 1169.2
        Shoals |   6.8 |   7.0 |   9.5 |   0.4 |  40.6 | 639.5
   Spider Nest |   9.1 |   9.7 |   6.5 |   9.6 |  52.9 | 879.8
  Orcish Mines |   3.9 |   3.9 |  11.3 |   0.0 |  57.6 | 707.5
        Vaults |  15.6 |  15.5 |  12.8 |   5.4 |  64.2 | 1125.8
        Depths |  10.2 |  11.1 |   4.0 |   0.0 |  61.0 | 1010.8
               +-------+-------+-------+-------+-------+----------------------

Table legend:
 A = Kills in this place as a percentage of kills in entire the game.
 B = Kills by you in this place as a percentage of kills by you in the entire game.
 C = Kills by friends in this place as a percentage of kills by friends in the entire game.
 D = Other kills in this place as a percentage of other kills in the entire game.
 E = Experience gained in this place as a percentage of experience gained in the entire game.
 F = Experience gained in this place divided by the number of levels of this place that you have seen.
                   A       B       C       D       E      F
               +-------+-------+-------+-------+-------+----------------------
         Total | 100.0 | 100.0 | 100.0 | 100.0 | 100.0 | 19808.8
       Dungeon |  26.0 |  26.5 |   0.0 |  14.3 |   8.1 | 4370.5
          Lair |  14.8 |  14.7 |  26.7 |   4.8 |   9.3 | 12625.7
        Shoals |   7.0 |   6.7 |  20.0 |  14.3 |   8.5 | 17173.2
   Spider Nest |  11.5 |  11.4 |  26.7 |   0.0 |  10.7 | 21719.0
  Orcish Mines |   7.0 |   6.8 |   6.7 |  19.0 |   2.4 | 9544.0
        Vaults |  18.2 |  18.2 |   0.0 |  38.1 |  31.6 | 51396.2
        Depths |  15.6 |  15.6 |  20.0 |   9.5 |  29.5 | 59802.5
               +-------+-------+-------+-------+-------+----------------------
